 Dungeon Crawl Stone Soup version 0.32-a0-22-g6ae6769602 (webtiles) character file.

Game seed: 2081509654762066861

651 Midn8 the Vexing (level 7, -11/53 HPs)
             Began as a Gnoll Hexslinger on Jan 18, 2024.
             Was a Follower of Okawaru.
             Mangled by an ogre
             ... wielding a +0 giant club
              (26 damage)
             ... on level 3 of the Dungeon.
             The game lasted 00:12:23 (3676 turns).

Midn8 the Vexing (Gnoll Hexslinger)                 Turns: 3676, Time: 00:12:23

Health: -11/53     AC:  6    Str:  7    XL:     7   Next: 53%
Magic:  7/12       EV: 13    Int: 14    God:    Okawaru [*.....]
Gold:   140        SH:  0    Dex: 15    Spells: 7/13 levels left

rFire   . . .        a - +2 sling
rCold   + . .        d - orb {guile}
rNeg    . . .        v - +2 leather armour {rC+}
rPois   .            (no helmet)
rElec   .            (no cloak)
rCorr   +            (no gloves)
SInv    .            f - +0 pair of boots
Will    .....        (no amulet)
Stlth   ++           e - ring of resist corrosion
HPRegen 0.28/turn    (no ring)
MPRegen 0.13/turn

%: no passive effects
@: weak-willed, jinxed
A: fangs 1, strong nose, distributed training
a: Renounce Religion, Heroism


You were on level 3 of the Dungeon.
You worshipped Okawaru.
Okawaru was aware of your devotion.
You visited 1 branch of the dungeon, and saw 4 of its levels.

You collected 140 gold pieces.

Inventory:

Hand Weapons
 a - a +2 sling (weapon)
 j - a +2 war axe of flaming
 r - a +0 rapier of venom
Missiles
 u - 6 boomerangs
Armour
 c - a +0 robe
 d - an orb of guile (worn)
 f - a +0 pair of boots (worn)
 v - a +2 leather armour of cold resistance (worn)
Jewellery
 b - a ring of willpower
 e - a ring of resist corrosion (left hand)
Scrolls
 h - a scroll of amnesia {unknown}
 i - a scroll of fear
 k - a scroll of teleportation {unknown}
 l - a scroll of noise {unknown}
 m - a scroll of fog {unknown}
 n - 2 scrolls of enchant weapon
 o - a scroll of acquirement {unknown}
 q - a scroll of immolation {unknown}
 w - a scroll of blinking {unknown}
Potions
 g - a potion of heal wounds
 p - a potion of resistance {unknown}
 s - a potion of enlightenment {unknown}
 t - a potion of ambrosia {unknown}


   Skills:
 + Level 3.7 Fighting
 + Level 2.6 Short Blades
 + Level 2.6 Long Blades
 + Level 2.6 Axes
 + Level 2.6 Maces & Flails
 + Level 2.6 Polearms
 + Level 2.6 Staves
 + Level 5.3 Ranged Weapons
 + Level 2.6 Throwing
 + Level 2.6 Armour
 + Level 5.3 Dodging
 + Level 2.6 Stealth
 + Level 2.6 Shields
 + Level 2.6 Unarmed Combat
 + Level 3.9 Spellcasting
 + Level 2.1 Conjurations
 + Level 5.9 Hexes
 + Level 2.1 Summonings
 + Level 2.1 Necromancy
 + Level 2.1 Translocations
 + Level 3.1 Fire Magic
 + Level 2.1 Ice Magic
 + Level 2.1 Air Magic
 + Level 2.1 Earth Magic
 + Level 2.1 Alchemy
 + Level 3.0 Invocations
 + Level 2.6 Evocations
 + Level 2.4 Shapeshifting


You had 7 spell levels left.
You knew the following spells:

 Your Spells              Type           Power      Damage    Failure   Level
e - Cause Fear            Hex            9%         N/A       24%         4
x - Jinxbite              Hex            38%        N/A       3%          2

Your spell library contained the following spells:

 Spells                   Type           Power      Damage    Failure   Level
 Sigil of Binding         Hex            19%        N/A       8%          3
 Magic Dart               Conj           32%        1d4       12%         1
 Inner Flame              Hex/Fire       15%        N/A       13%         3
 Blink                    Tloc           16%        N/A       17%         2
 Static Discharge         Conj/Air       16%        3-4/arc   17%         2
 Dimensional Bullseye     Hex/Tloc       7%         N/A       47%         4
 Airstrike                Air            4%         2d(1-17)  75%         4
 Brom's Barrelling Bould  Conj/Erth      8%         2d3       75%         4
 Fireball                 Conj/Fire      5%         3d5       95%         5
 Iskenderun's Battlesphe  Conj           8%         2d6       97%         5
 Conjure Ball Lightning   Conj/Air       4%         3x3d6     100%        6
 Orb of Destruction       Conj           4%         9d5       100%        7
 Call Imp                 Summ           Unusable   N/A       N/A         2
 Summon Lightning Spire   Summ/Air       Unusable   N/A       N/A         4

Dungeon Overview and Level Annotations

Branches:
Dungeon (4/15)
 Temple: D:4-7

Altars:
Okawaru
Wu Jian

Shops:
D:3 (

Annotations:
D:4 Dowan, Duvessa


Innate Abilities, Weirdness & Mutations

You have very sharp teeth.
Your uncanny sense of smell can sniff out nearby items.
Your experience applies equally to all skills.


Message History

Duvessa looks frightened!
Dowan looks frightened!
The ogre resists with some effort.
Dowan mumbles some strange words.
Dowan blinks!
Dowan casts a spell.
Dowan blinks!
You feel your willpower return.
There is a stone staircase leading up here.
The ogre hits you with a +0 giant club!
You climb upwards.
There is a stone staircase leading down here.
Casting: Cause Fear (quite dangerous; 24% risk of failure)
Confirm with . or Enter, or press ? or * to list all spells.
You miscast Jinxbite.
You are very lightly contaminated with residual magic.
Nothing appears to happen.
The ogre hits you with a +0 giant club!
You shoot a sling bullet. The sling bullet hits the ogre.
The ogre is moderately wounded.
You shoot a sling bullet. The sling bullet hits the ogre.
The ogre is heavily wounded.
The ogre hits you with a +0 giant club!!
* * * LOW HITPOINT WARNING * * *
You shoot a sling bullet.
The sling bullet barely misses the ogre.
The ogre hits you but does no damage.
You shoot a sling bullet.
The sling bullet barely misses the ogre.
The ogre barely misses you.
You shoot a sling bullet.
The sling bullet barely misses the ogre.
The ogre misses you.
You shoot a sling bullet. The sling bullet hits the ogre.
The ogre is heavily wounded.
Your magical contamination has completely faded away.
Casting: Jinxbite (safe; 3% risk of failure)
Confirm with . or Enter, or press ? or * to list all spells.
You beckon some vexing sprites to accompany your attacks.
You feel your willpower being sapped.
The ogre hits you with a +0 giant club!!
You die...

......# #####.################
#.....)..........# #######
#.#...#########..# #......
#.....### #..#### #.#####
#.......#######.....###.#####
#.#..##......##.###..........
#####.#..#####.O....# #####.####.
......#...# #.#@#### #.# #.
...######.#######################
...### #...'..#..#..#..##.'..#...
<....# #..###†##.##...##..##...##
...#.# ###..#..#..#..##.#..#..##.
...#.####..###.##...##.#..###....
.......####..#..#..##.#.....#..##
.†##...#.#..###.†.##.#..#..###.#.
..#...##.###..#..##.#..#.##..#...


You could see an ogre.

Vanquished Creatures
  Edmund (D:3)
  An ogre (D:3)
  A howler monkey (D:3)
  2 bombardier beetles
  A jelly (D:3)
  2 orc priests (D:3)
  2 hounds (D:3)
  6 adders
  3 gnolls (D:2)
  A white imp (D:3)
  2 dart slugs
  2 ribbon worms
  3 orcs (D:3)
  14 ball pythons
  6 bats
  4 endoplasms
  2 giant cockroaches (D:1)
  3 goblins
  10 hobgoblins
  9 jackals (D:3)
  10 quokkas
  3 frilled lizards
  7 kobolds
  A kobold zombie (D:4)
  10 rats
106 creatures vanquished.

Notes
Turn   | Place    | Note
-------+----------+-------------------------------------------
     0 | D:1      | Midn8 the Gnoll Hexslinger began the quest for the Orb.
     0 | D:1      | Reached XP level 1. HP: 17/17 MP: 4/4
   162 | D:1      | Reached XP level 2. HP: 23/23 MP: 5/5
   173 | D:1      | Learned a level 2 spell: Jinxbite
   364 | D:1      | Reached XP level 3. HP: 28/28 MP: 7/7
   738 | D:2      | Reached skill level 1 in Invocations
   804 | D:1      | Reached skill level 1 in Short Blades
   804 | D:1      | Reached skill level 1 in Long Blades
   804 | D:1      | Reached skill level 1 in Axes
   804 | D:1      | Reached skill level 1 in Maces & Flails
   804 | D:1      | Reached skill level 1 in Polearms
   804 | D:1      | Reached skill level 1 in Staves
   804 | D:1      | Reached skill level 1 in Throwing
   804 | D:1      | Reached skill level 1 in Armour
   804 | D:1      | Reached skill level 1 in Stealth
   804 | D:1      | Reached skill level 1 in Shields
   804 | D:1      | Reached skill level 1 in Unarmed Combat
   804 | D:1      | Reached skill level 1 in Evocations
   900 | D:2      | Reached skill level 1 in Shapeshifting
   900 | D:2      | Reached XP level 4. HP: 34/34 MP: 8/8
  1259 | D:2      | Reached skill level 1 in Conjurations
  1259 | D:2      | Reached skill level 1 in Summonings
  1259 | D:2      | Reached skill level 1 in Necromancy
  1259 | D:2      | Reached skill level 1 in Translocations
  1259 | D:2      | Reached skill level 1 in Ice Magic
  1259 | D:2      | Reached skill level 1 in Air Magic
  1259 | D:2      | Reached skill level 1 in Earth Magic
  1259 | D:2      | Reached skill level 1 in Alchemy
  1468 | D:2      | Learned a level 4 spell: Cause Fear
  2020 | D:2      | Reached XP level 5. HP: 39/40 MP: 5/9
  2254 | D:3      | Found a faded altar of an unknown god.
  2277 | D:3      | Found an ornate altar of the Wu Jian Council.
  2292 | D:3      | Prayed at the altar of an unknown god.
  2292 | D:3      | Became a worshipper of Warmaster Okawaru
  2292 | D:3      | Reached * piety under Okawaru
  2304 | D:3      | Found Aril's Antique Weapon Emporium.
  2521 | D:3      | Reached XP level 6. HP: 47/47 MP: 7/11
  2533 | D:3      | Reached skill level 5 in Ranged Weapons
  2533 | D:3      | Reached skill level 5 in Dodging
  2828 | D:4      | Noticed Edmund
  3026 | D:3      | Killed Edmund
  3073 | D:4      | Noticed Dowan
  3109 | D:4      | Noticed Duvessa
  3114 | D:4      | Reached XP level 7. HP: 16/52 MP: 10/12
  3676 | D:3      | Mangled by an ogre

Illustrated notes

Levels and vault maps discovered:
D:1:      giann_horns, layout_loops_cross, minmay_bisected
D:2:      layout_loops_ring
D:3:      minmay_razor_zed, layout_loops_ring,
          nicolae_overflow_ecumenical_swirl, serial_shops, shop,
          nicolae_concentric_dashed_squares_mild
D:4:      layout_rooms, minmay_mini_ossuary, uniq_edmund, uniq_duvessa

Skill      XL: |  1  2  3  4  5  6  7 |
---------------+----------------------+-----
Fire Magic     | 2 3 |  3.1
Invocations    | 1 2 3 |  3.0
Short Blades   | 1 2 |  2.6
Long Blades    | 1 2 |  2.6
Axes           | 1 2 |  2.6
Maces & Flails | 1 2 |  2.6
Polearms       | 1 2 |  2.6
Staves         | 1 2 |  2.6
Throwing       | 1 2 |  2.6
Armour         | 1 2 |  2.6
Stealth        | 1 2 |  2.6
Shields        | 1 2 |  2.6
Unarmed Combat | 1 2 |  2.6
Evocations     | 1 2 |  2.6
Shapeshifting  | 1 2 |  2.4
Spellcasting   | 3 |  3.9
Conjurations   | 1 2 |  2.1
Summonings     | 1 2 |  2.1
Necromancy     | 1 2 |  2.1
Translocations | 1 2 |  2.1
Ice Magic      | 1 2 |  2.1
Air Magic      | 1 2 |  2.1
Earth Magic    | 1 2 |  2.1
Alchemy        | 1 2 |  2.1
Fighting       | 3 |  3.7
Ranged Weapons | 5 |  5.3
Dodging        | 5 |  5.3
Hexes          | |  5.9

Action                     |  1- 3 |  4- 6 |  7- 9 || total
---------------------------+-------+-------+-------++-------
   Fire: Sling             |    85 |   154 |    45 ||   284
   Cast: Jinxbite          |     7 |    25 |     8 ||    40
         Cause Fear        |       |     1 |     1 ||     2
 Invoke: Heroism           |       |     1 |       ||     1
    Use: Scroll            |       |     6 |       ||     6
         Potion            |       |       |     1 ||     1
 Armour: Robe              |    23 |    25 |       ||    48
         Leather armour    |       |    16 |    26 ||    42
  Dodge: Dodged            |    32 |    70 |    25 ||   127

Table legend: (Time is in decaauts)
 A = Elapsed time spent in this place.
 B = Non-inter-level travel time spent in this place.
 C = Inter-level travel time spent in this place.
 D = Time resting spent in this place.
 E = Time spent auto-exploring this place.
 F = Levels seen in this place.
 G = Mean time per level.
                   A        B        C        D        E       F      G
               +--------+--------+--------+--------+--------+-----+--------+
         Total |   3729 |   3348 |    381 |    725 |   1728 |   4 |  932.2 |
       Dungeon |   3729 |   3348 |    381 |    725 |   1728 |   4 |  932.2 |
               +--------+--------+--------+--------+--------+-----+--------+

Top non-repeatable levels by time:
     D:3: 1784 daAuts
     D:2: 985 daAuts
     D:1: 778 daAuts
     D:4: 180 daAuts
